AoeStats
← Grinch_XO

Arabia

508679136Analyzed
1v1 RM · 10d ago on Sep 23, 2026· 43m 19s· 2 players
Game mode
Random Map
Map size
Tiny (2 player)
Population
200
Speed
Normal
Resources
Standard
Victory
Conquest
Starting age
Dark Age
Ending age
Imperial Age
RankedLock teamsTeams togetherTeam positionsShared explorationLock speedFull tech treeHidden civsTurbo modeCheats
Victory
Defeat
966
+17
🇰🇿 Magyars · Kazakhstan
988
-17
JNS神之左手傑尼斯
7:21 Loom
12:22 Feudal Age
13:40 Wheelbarrow
12:49 Horse Collar
13:27 Horse Collar
19:47 Castle Age
19:13 Double-Bit Axe
19:36 Town Watch
21:02 Bow Saw
21:12 Forging
22:51 Scale Mail Armor
27:17 Heavy Plow
28:43 Padded Archer Armor
28:38 Fletching
32:25 Gold Mining
32:25 Stone Mining
37:42 Man-at-Arms
38:15 Treadmill Crane
40:25 Squires
39:46 Long Swordsman
40:52 Bodkin Arrow
44:10 Leather Archer Armor
44:34 Iron Casting
Grinch_XO
7:47 Loom
11:00 Feudal Age
11:33 Double-Bit Axe
19:17 Castle Age
18:28 Horse Collar
19:00 Fletching
22:29 Heavy Plow
25:22 Bodkin Arrow
32:35 Stone Mining
41:51 Ballistics
Connection lost

Rejoining the realm…

Still unreachable

The connection could not be restored.

Session expired

The server has moved on; the page needs a fresh start.